[Event "Titled Tuesday Blitz December 14 2021"]
[White "Lewicki, Miroslaw"]
[Black "Matinian, Nikita"]
[WhiteFideId "1113380"]
[BlackFideId "24129100"]
[WhiteElo "2283"]
[BlackElo "2422"]
[Result "0-1"]
[Round "07"]
[TimeControl "180+1"]
[Date "2021.12.15"]
[WhiteClock "0:00:01"]
[BlackClock "0:00:36"]

1. g3 g6 2. Bg2 Bg7 3. Nf3 Nf6 4. O-O d6 5. d4 O-O 6. c4 Nc6 7. Nc3 Bf5 8. Re1 Ne4 9. e3 Nxc3 10. bxc3 Be4 11. Qb3 Rb8 12. Nd2 Bxg2 13. Kxg2 e5 14. Bb2 Qe8 15. Rad1 e4 16. f3 exf3+ 17. Nxf3 Na5 18. Qb4 b6 19. d5 Qe4 20. c5 Qxb4 21. cxb4 Bxb2 22. bxa5 bxc5 23. e4 Bc3 24. Re2 Bxa5 25. e5 Rfe8 26. e6 Bc3 27. Kh3 h6 28. Rd3 Bf6 29. Ra3 fxe6 30. dxe6 Rb7 31. Ra6 c4 32. Rc6 c3 33. Nh4 Kg7 34. Ng2 Be5 35. Nf4 Bxf4 36. gxf4 Kf6 37. Rc2 Rxe6 38. R2xc3 Re7 39. Kg3 Ke6 40. a4 Kd7 41. a5 Kd8 42. Kg4 Rb5 43. Ra6 Rb7 44. h4 Rf7 45. h5 gxh5+ 46. Kxh5 Rxf4 47. Rg3 Rf8 48. Kxh6 Kc8 49. Kg7 Rd8 50. Kf6 d5 51. Ke5 d4 52. Rd3 Rb5+ 53. Ke4 Kb7 54. Rf6 c5 55. a6+ Kc7 56. Rg3 Rd7 57. Ke5 Rb6 0-1


[Site "https://www.chess.com"]

[Event "Titled Tuesday Blitz December 14 2021"]
[White "Makarian, Rudik"]
[Black "Sarana, Alexey"]
[WhiteFideId "44105681"]
[BlackFideId "24133795"]
[WhiteElo "2486"]
[BlackElo "2672"]
[Result "1-0"]
[Round "07"]
[TimeControl "180+1"]
[Date "2021.12.14"]
[WhiteClock "0:00:08"]
[BlackClock "0:00:01"]

1. d4 Nf6 2. c4 e6 3. g3 Bb4+ 4. Bd2 Be7 5. Bg2 d5 6. Nf3 O-O 7. O-O c6 8. Qc2 Nbd7 9. Bf4 b6 10. Nbd2 Nh5 11. e3 Ba6 12. Rfe1 Rc8 13. cxd5 cxd5 14. Qa4 Bd3 15. h4 b5 16. Qb3 Bc4 17. Qd1 b4 18. Nxc4 Nxf4 19. exf4 dxc4 20. d5 exd5 21. Qxd5 Nb6 22. Qe4 Bf6 23. Ne5 c3 24. Qxb4 Bxe5 25. fxe5 c2 26. Rac1 Rc4 27. Qd6 Qc8 28. e6 fxe6 29. Bh3 Kh8 30. Bxe6 Qc5 31. Qxc5 Rxc5 32. Bb3 Rfc8 33. Rxc2 Rxc2 34. Bxc2 g6 35. Bb3 Rc7 36. Kg2 Rd7 37. Rd1 Re7 38. Rd6 Re2 39. Rd8+ Kg7 40. Rb8 Re7 41. g4 h6 42. Kg3 Rc7 43. f3 Nd7 44. Rg8+ Kh7 45. Re8 Nc5 46. Re3 Rb7 47. Bd5 Rxb2 48. Re7+ Kh8 49. Rxa7 g5 50. hxg5 hxg5 51. Ra5 Nd3 52. Be4 Nf4 53. Rxg5 Ne2+ 54. Kh4 Rxa2 55. Rg8+ Kxg8 56. Bd5+ Kg7 57. Bxa2 Kf6 58. g5+ Ke5 59. Kh5 Nd4 60. g6 Kf6 61. Kh6 Nf5+ 62. Kh7 Ng7 63. Bd5 Nf5 64. Bc6 Ng7 65. Bd7 Nh5 66. Bg4 Ng7 67. f4 Ne8 68. Bd7 Ng7 69. Kh6 Ne8 70. Bxe8 1-0


[Site "https://www.chess.com"]

[Event "Titled Tuesday Blitz December 14 2021"]
[White "Makhnev, Denis"]
[Black "Grandelius, Nils"]
[WhiteFideId "13707647"]
[BlackFideId "1710400"]
[WhiteElo "2491"]
[BlackElo "2617"]
[Result "0-1"]
[Round "07"]
[TimeControl "180+1"]
[Date "2021.12.15"]
[WhiteClock "0:00:08"]
[BlackClock "0:00:34"]

1. Nf3 d5 2. g3 b6 3. Bg2 Bb7 4. O-O Nf6 5. d4 e6 6. Ne5 Qc8 7. Bg5 Nbd7 8. Nxd7 Nxd7 9. Nd2 h6 10. Bf4 Be7 11. e4 dxe4 12. Nxe4 O-O 13. c3 Nf6 14. Qc2 Rd8 15. Rad1 Bxe4 16. Bxe4 Nxe4 17. Qxe4 Bf8 18. Rfe1 Rd7 19. Qc6 Qd8 20. a4 Rb8 21. h4 Bd6 22. Be5 Bxe5 23. Rxe5 Rd6 24. Qf3 Qd7 25. a5 b5 26. b4 a6 27. Rde1 Rd8 28. Rc5 Rd5 29. Rxd5 Qxd5 30. Qxd5 Rxd5 31. f4 h5 32. Re5 c6 33. Kf2 Kf8 34. Kf3 Ke7 35. Re2 Kd6 36. Re1 Rf5 37. Ke4 Rf6 38. Re3 Rg6 39. Kf3 f6 40. f5 exf5 41. Re8 Rg4 42. Ra8 f4 43. gxf4 Rxh4 44. Rxa6 Rh3+ 45. Ke4 Rxc3 46. Ra7 g6 47. f5 gxf5+ 48. Kxf5 Rf3+ 49. Ke4 Rb3 50. Rf7 Ke6 51. Rc7 f5+ 52. Kf4 Kd6 53. Rh7 Rxb4 54. a6 Rxd4+ 0-1


[Site "https://www.chess.com"]

[Event "Titled Tuesday Blitz December 14 2021"]
[White "Maly, Alexey"]
[Black "Pichot, Alan"]
[WhiteFideId "14103184"]
[BlackFideId "110973"]
[WhiteElo "2294"]
[BlackElo "2629"]
[Result "1/2-1/2"]
[Round "07"]
[TimeControl "180+1"]
[Date "2021.12.14"]
[WhiteClock "0:02:41"]
[BlackClock "0:02:41"]

1. d4 Nf6 2. c4 e6 3. Nf3 d5 4. e3 a6 5. Nbd2 c5 6. dxc5 Bxc5 7. a3 O-O 8. b4 Ba7 9. Bb2 Nc6 10. Be2 Qe7 11. O-O Rd8 12. Qb3 d4 13. exd4 Nxd4 14. Nxd4 Bxd4 15. Bxd4 Rxd4 16. Nf3 Rd8 17. Rfd1 Bd7 18. Ne5 Be8 19. Bf3 Qc7 20. Qe3 Ba4 21. Rxd8+ Rxd8 22. h3 1/2-1/2


[Site "https://www.chess.com"]

[Event "Titled Tuesday Blitz December 14 2021"]
[White "Martinez Alcantara, Jose Eduardo"]
[Black "Rasulov, Vugar"]
[WhiteFideId "3805662"]
[BlackFideId "13402390"]
[WhiteElo "2690"]
[BlackElo "2560"]
[Result "1/2-1/2"]
[Round "07"]
[TimeControl "180+1"]
[Date "2021.12.14"]
[WhiteClock "0:00:08"]
[BlackClock "0:00:45"]

1. e4 g6 2. d4 Bg7 3. c3 d6 4. Bd3 Nf6 5. Nf3 O-O 6. h3 c5 7. O-O Nc6 8. d5 Nb8 9. Bf4 b5 10. a4 b4 11. cxb4 cxb4 12. Qe2 Nfd7 13. Nbd2 Nc5 14. Bb5 a6 15. Bc4 Nbd7 16. b3 Nb6 17. Rac1 Nxc4 18. Rxc4 a5 19. Rxc5 dxc5 20. Nc4 Ba6 21. Rd1 Qd7 22. Be5 Bxe5 23. Nfxe5 Qc7 24. Nd3 Rfd8 25. Qe3 Rac8 26. Rc1 e6 27. d6 Rxd6 28. Nxd6 Qxd6 29. Nxc5 e5 30. Kh2 Kg7 31. Nxa6 Qxa6 32. Rc5 Rxc5 33. Qxc5 Qf6 34. g3 Qf3 35. Qxe5+ Kg8 36. Qb8+ Kg7 37. Qe5+ Kg8 38. Qb8+ Kg7 39. Qe5+ 1/2-1/2


[Site "https://www.chess.com"]

[Event "Titled Tuesday Blitz December 14 2021"]
[White "Martins, Bruno Andre Leite"]
[Black "Sychev, Klementy"]
[WhiteFideId "1942255"]
[BlackFideId "4114060"]
[WhiteElo "2137"]
[BlackElo "2615"]
[Result "1-0"]
[Round "07"]
[TimeControl "180+1"]
[Date "2021.12.14"]
[WhiteClock "0:00:07"]
[BlackClock "0:00:01"]

1. e4 c6 2. Nf3 d5 3. Nc3 dxe4 4. Nxe4 Nf6 5. Qe2 Nxe4 6. Qxe4 Qd5 7. Qh4 Qe6+ 8. Be2 Qg4 9. Qg3 g6 10. d4 Bg7 11. Qc7 Qd7 12. Qg3 Qg4 13. Qc7 Qd7 14. Qg3 Na6 15. O-O Nc7 16. Bc4 Nd5 17. Ne5 Qd6 18. Bb3 O-O 19. c4 Nc7 20. Rd1 Ne6 21. Be3 c5 22. Nf3 Qxg3 23. hxg3 b6 24. d5 Nc7 25. Bf4 Na6 26. Be5 f6 27. Bc3 e5 28. dxe6 Bxe6 29. Rd6 Rfe8 30. Rad1 Rac8 31. Ba4 Re7 32. b3 Kf7 33. Bc6 Nc7 34. a4 Ne8 35. Rxe6 Rxe6 36. Bd5 Nc7 37. Bxe6+ Kxe6 38. Re1+ Kf7 39. Rd1 Bf8 40. g4 Be7 41. g5 fxg5 42. Ne5+ Ke8 43. Nc6 Bf8 44. Nxa7 Ra8 45. Nc6 Ne6 46. Re1 Kd7 47. Ne5+ Kd6 48. Nf7+ Kd7 49. Rd1+ Ke7 50. Ne5 Ke8 51. Nd7 Rd8 52. Nf6+ Kf7 53. Rxd8 Nxd8 54. Nd5 Nc6 55. Nxb6 Bd6 56. Nd5 Ke6 57. Kf1 Nb8 58. a5 h5 59. Ke2 Na6 60. Kf3 Kf5 61. Ne3+ Ke6 62. Ke4 Nb8 63. Nd5 Na6 64. f4 gxf4 65. Nxf4+ Kf7 66. Nd3 Ke6 67. Nf4+ Kf7 68. Bd2 h4 69. Kd5 Be7 70. Nd3 g5 71. Ne5+ Ke8 72. Ke6 1-0


[Site "https://www.chess.com"]

[Event "Titled Tuesday Blitz December 14 2021"]
[White "Migot, Tangi"]
[Black "Taboas Rodriguez, Daniel"]
[WhiteFideId "662445"]
[BlackFideId "2208466"]
[WhiteElo "2398"]
[BlackElo "2429"]
[Result "1-0"]
[Round "07"]
[TimeControl "180+1"]
[Date "2021.12.15"]
[WhiteClock "0:00:06"]
[BlackClock "0:00:02"]

1. d4 Nf6 2. Nf3 g6 3. b4 Bg7 4. c4 O-O 5. Qb3 d6 6. Bb2 Bg4 7. Nbd2 Nbd7 8. e3 Re8 9. h3 Bxf3 10. Nxf3 e5 11. Be2 Qe7 12. O-O h5 13. dxe5 dxe5 14. c5 e4 15. Ng5 c6 16. Rad1 Nd5 17. h4 Bxb2 18. Qxb2 f6 19. Nh3 Ne5 20. Rd4 f5 21. Rfd1 Rad8 22. Ng5 a6 23. Qb3 Kg7 24. Qb2 Qf6 25. R1d2 Re7 26. Bd1 Nd3 27. Qb3 Red7 28. Bc2 Ne5 29. Qb1 Nc3 30. Qb2 Nd5 31. Bb3 Nf7 32. Nxf7 Kxf7 33. Bxd5+ Rxd5 34. Rxd5 Rxd5 35. Qb3 Qe6 36. Rxd5 Qxd5 37. Qc2 Ke6 38. g3 Qd3 39. Qb2 Kd5 40. Qg7 Qb1+ 41. Kg2 Qxb4 42. Qxg6 Qxc5 43. Qf7+ Ke5 44. Qxb7 Qb5 45. Qe7+ Kd5 46. Qf7+ Ke5 47. Qe7+ Kd5 48. Qf6 c5 49. Qxf5+ Kd6 50. Qg6+ Kd5 51. Qxh5+ Kc4 52. Qf7+ Kd3 53. Qd5+ Ke2 54. Qxe4 c4 55. Qc2+ Ke1 56. h5 Qc6+ 57. Kg1 c3 58. h6 Qxh6 59. Qxc3+ Ke2 60. Qc4+ Ke1 61. Kg2 Qb6 62. e4 a5 63. Qc2 Qb7 64. Qd3 Qb2 65. Qe3+ Kd1 66. a3 a4 67. e5 Qb3 68. e6 Qd5+ 69. Kg1 1-0


[Site "https://www.chess.com"]

[Event "Titled Tuesday Blitz December 14 2021"]
[White "Mirzoev, Azer"]
[Black "Vovk, Orest"]
[WhiteFideId "13400304"]
[BlackFideId "14113490"]
[WhiteElo "2525"]
[BlackElo "2203"]
[Result "0-1"]
[Round "07"]
[TimeControl "180+1"]
[Date "2021.12.15"]
[WhiteClock "0:00:36"]
[BlackClock "0:00:22"]

1. d4 e5 2. Nf3 exd4 3. Nxd4 Nc6 4. e4 Nxd4 5. Qxd4 Qf6 6. Be3 Qxd4 7. Bxd4 Ne7 8. Nc3 Nc6 9. Be3 Bb4 10. Bd2 d6 11. O-O-O Be6 12. a3 Ba5 13. f3 O-O-O 14. Nd5 Bxd2+ 15. Rxd2 Bxd5 16. exd5 Ne5 17. f4 Ng4 18. Be2 h5 19. Bf3 Rde8 20. Re2 Rxe2 21. Bxe2 Re8 22. Bf3 f5 23. Kd2 Kd8 24. a4 a5 25. h3 Nf6 26. Re1 Rxe1 27. Kxe1 h4 28. Kd2 Kd7 29. Ke3 c5 30. dxc6+ bxc6 31. Kd4 Kc7 32. c3 c5+ 33. Kc4 Kb6 34. b3 Ne4 35. Kd5 Nxc3+ 36. Kxd6 c4 37. bxc4 Nxa4 38. Ke6 Nc3 39. c5+ Kxc5 40. Kxf5 a4 41. Bh5 a3 42. Bf7 Nd5 0-1


[Site "https://www.chess.com"]

[Event "Titled Tuesday Blitz December 14 2021"]
[White "Moroni, Luca Jr"]
[Black "Willow, Jonah B"]
[WhiteFideId "865834"]
[BlackFideId "438804"]
[WhiteElo "2491"]
[BlackElo "2261"]
[Result "1-0"]
[Round "07"]
[TimeControl "180+1"]
[Date "2021.12.14"]
[WhiteClock "0:00:14"]
[BlackClock "0:00:01"]

1. d4 Nf6 2. c4 e6 3. Nc3 c5 4. Nf3 cxd4 5. Nxd4 Nc6 6. e4 Bb4 7. Nxc6 bxc6 8. Bd3 e5 9. O-O Bc5 10. Re1 d6 11. Be3 Bd4 12. Bxd4 exd4 13. Ne2 c5 14. Ng3 O-O 15. h3 Re8 16. f4 Rb8 17. b3 Qa5 18. e5 Nd7 19. exd6 Rxe1+ 20. Qxe1 Qxe1+ 21. Rxe1 Kf8 22. Re7 Rb6 23. Ne4 h6 24. g4 Ra6 25. Bb1 Rb6 26. g5 a5 27. Bc2 f5 28. gxf6 Nxf6 29. Nxf6 gxf6 30. d7 Bxd7 31. Rxd7 Re6 32. Kf2 Re3 33. Bf5 Rc3 34. Rd5 d3 35. Bxd3 Ke7 36. Ke2 Rc1 37. Bf5 Ra1 38. a4 Ra3 39. Rxc5 Rxb3 40. Rxa5 Rb4 41. Ra7+ Kd6 42. a5 1-0


[Site "https://www.chess.com"]

[Event "Titled Tuesday Blitz December 14 2021"]
[White "Nesterov, Arseniy"]
[Black "Alikhanov, Felix"]
[WhiteFideId "24198455"]
[BlackFideId "4157427"]
[WhiteElo "2489"]
[BlackElo "2425"]
[Result "1-0"]
[Round "07"]
[TimeControl "180+1"]
[Date "2021.12.14"]
[WhiteClock "0:00:35"]
[BlackClock "0:00:12"]

1. d4 Nf6 2. c4 g6 3. Nc3 Bg7 4. e4 d6 5. Be2 O-O 6. Be3 e5 7. d5 h5 8. h3 Nh7 9. g4 h4 10. Nf3 f5 11. gxf5 gxf5 12. exf5 Bxf5 13. Qd2 Nd7 14. O-O-O Nc5 15. Rdg1 Kh8 16. Ng5 a5 17. Nxh7 Kxh7 18. Rg5 a4 19. Rhg1 Rf7 20. Bh5 Nb3+ 21. axb3 axb3 22. Rxf5 Ra1+ 23. Nb1 Rxf5 24. Bg6+ Kh8 25. Bxf5 Qf6 26. Be4 Qf7 27. Qd1 1-0


[Site "https://www.chess.com"]

[Event "Titled Tuesday Blitz December 14 2021"]
[White "Ozen, Bahadir"]
[Black "Baskin, Robert"]
[WhiteFideId "6337058"]
[BlackFideId "24662402"]
[WhiteElo "2503"]
[BlackElo "2488"]
[Result "0-1"]
[Round "07"]
[TimeControl "180+1"]
[Date "2021.12.15"]
[WhiteClock "0:00:43"]
[BlackClock "0:00:31"]

1. c4 c5 2. Nf3 Nc6 3. d4 cxd4 4. Nxd4 Nf6 5. Nc3 e6 6. a3 Bc5 7. Nb3 Bb6 8. c5 Bc7 9. e4 b6 10. Be3 O-O 11. Be2 Be5 12. f3 bxc5 13. Bxc5 d6 14. Bf2 d5 15. exd5 exd5 16. Nd4 Nxd4 17. Bxd4 Qd6 18. Nb5 Qb8 19. Bxe5 Qxe5 20. Qd4 Qe7 21. Nc3 Ba6 22. Kf2 Bxe2 23. Rhe1 Rfd8 24. Rxe2 Qc7 25. g3 Rab8 26. Rae1 h6 27. Kg2 Qb6 28. Rd1 Qxd4 29. Rxd4 Rb3 30. Re7 Rxb2+ 31. Kh3 Rb3 32. Re3 Rxa3 33. Red3 Ra5 34. g4 Rc5 35. Kg3 a5 36. h4 g5 37. hxg5 hxg5 38. f4 Rxc3 39. Rxc3 Ne4+ 40. Rxe4 dxe4 0-1


[Site "https://www.chess.com"]

[Event "Titled Tuesday Blitz December 14 2021"]
[White "Panesar Vedant"]
[Black "Yang, Kevin"]
[WhiteFideId "35033018"]
[BlackFideId "30908485"]
[WhiteElo "1971"]
[BlackElo "2055"]
[Result "1/2-1/2"]
[Round "07"]
[TimeControl "180+1"]
[Date "2021.12.15"]
[WhiteClock "0:00:10"]
[BlackClock "0:00:04"]

1. e4 g6 2. d4 Bg7 3. Nc3 d6 4. Be3 a6 5. Nf3 Nd7 6. Qd2 b5 7. Bd3 Bb7 8. O-O Ngf6 9. e5 Ng4 10. e6 fxe6 11. Ng5 Nf8 12. Qe2 Nf6 13. Bxb5+ axb5 14. Qxb5+ Qd7 15. Qxb7 Rc8 16. a4 h6 17. Nf3 c5 18. Qxd7+ N8xd7 19. a5 Nd5 20. Nxd5 exd5 21. a6 Kf7 22. a7 Ra8 23. Ra6 Rhc8 24. c3 Rc7 25. Rfa1 Rb7 26. R1a2 e5 27. h3 e4 28. Nd2 cxd4 29. cxd4 Nb6 30. b3 Nc8 31. Rc2 Rbxa7 32. Rxa7+ Nxa7 33. Ra2 Ke6 34. b4 Kd7 35. Nb1 Kc6 36. Nc3 Kb7 37. Nxd5 Nc6 38. Rxa8 Kxa8 39. b5 Nxd4 40. Bxd4 Bxd4 41. Ne7 Kb7 42. Nxg6 Kb6 43. Ne7 Be5 44. Nf5 h5 45. h4 Kxb5 46. Kf1 Kc6 47. Ke2 Kd7 48. Ne3 Ke6 49. Nc2 d5 50. Ke3 Bf6 51. g3 Kf5 52. f3 exf3 53. Kxf3 d4 54. Ne1 Be5 55. Nd3 Bd6 56. Nf2 Be7 57. Ne4 Ba3 58. Nf2 Be7 59. Nd3 Bf8 60. Nf4 Bh6 61. Nxh5 d3 62. g4+ Kg6 63. Ng3 Bf8 64. Ke3 Bd6 65. Ne4 Be7 66. g5 Kh5 67. Kxd3 Kxh4 68. g6 Bf8 69. Nf6 Kg5 70. Nh7+ Kxg6 1/2-1/2


[Site "https://www.chess.com"]

[Event "Titled Tuesday Blitz December 14 2021"]
[White "Papasimakopoulos, Alexandros"]
[Black "Nasyrova, Ekaterina"]
[WhiteFideId "4244125"]
[BlackFideId "44157797"]
[WhiteElo "2394"]
[BlackElo "2068"]
[Result "1/2-1/2"]
[Round "07"]
[TimeControl "180+1"]
[Date "2021.12.15"]
[WhiteClock "0:00:08"]
[BlackClock "0:00:04"]

1. d4 d5 2. c4 e6 3. Nc3 Nf6 4. cxd5 exd5 5. Bg5 Be7 6. e3 c6 7. Bd3 O-O 8. Qc2 Re8 9. Nf3 h6 10. Bh4 Ne4 11. Bxe7 Qxe7 12. O-O Nd7 13. b4 Ndf6 14. Rab1 b5 15. Ne5 Bb7 16. Nxe4 dxe4 17. Be2 Rac8 18. a4 Nd5 19. Rfc1 f6 20. Ng6 Qd6 21. Qc5 Qxc5 22. Rxc5 a6 23. h4 Rcd8 24. h5 Kf7 25. Bd1 Rd7 26. Bb3 Red8 27. Nf4 bxa4 28. Bxa4 Nxf4 29. exf4 Rxd4 30. Bxc6 Bxc6 31. Rxc6 Rb8 32. Rxa6 Rdxb4 33. Ra7+ Kf8 34. Rc1 Rb1 35. Rxb1 Rxb1+ 36. Kh2 Rb5 37. g4 Rb2 38. Kg3 Rb3+ 39. Kg2 Rf3 40. g5 fxg5 41. fxg5 hxg5 42. Ra5 g4 43. Re5 Rb3 44. Rxe4 Rb5 45. Kg3 Rxh5 46. Kxg4 Rb5 47. Ra4 Rb7 48. Kg5 Kf7 49. Ra5 Re7 50. f4 Rd7 51. Rc5 Re7 52. Rd5 Rc7 53. Rd8 Re7 54. Rc8 Rb7 55. f5 Re7 56. Ra8 Rd7 57. Ra6 Re7 58. Ra1 Rd7 59. Rh1 Re7 60. Rh7 Kg8 61. Rh4 Kf7 62. Rh8 Rd7 63. Rc8 Re7 64. Rd8 Rc7 65. Kf4 Re7 66. Rc8 Rd7 67. Rc6 Re7 68. Kg5 Rd7 69. f6 Rd5+ 70. Kf4 gxf6 71. Ra6 Kg6 72. Ra4 Rf5+ 73. Kg4 Rg5+ 74. Kf3 Re5 75. Kg4 Rg5+ 76. Kf4 Rf5+ 77. Kg4 Rc5 78. Rb4 f5+ 79. Kf4 Rc6 80. Ra4 Re6 81. Ra8 Re4+ 82. Kf3 Kf6 83. Rf8+ Ke5 84. Rh8 Rf4+ 85. Ke3 Ra4 86. Re8+ Kf6 87. Kf3 Kg5 88. Rg8+ Kf6 89. Kf2 Ke5 90. Rb8 Kf4 91. Rb2 Ra3 92. Rb4+ Ke5 93. Rc4 Ra2+ 94. Kf3 f4 95. Rc5+ Kd4 96. Rb5 Ra3+ 97. Kxf4 Rc3 98. Rb8 Rc4 99. Rd8+ Kc3+ 100. Ke3 Rc5 101. Rd1 Kc4 102. Ke4 Kb5 103. Rb1+ Kc6 104. Ra1 Rb5 105. Kd4 Rb4+ 106. Ke5 Rb5+ 107. Ke6 Rb6 108. Rc1+ Kb5+ 109. Kd5 Ka6 110. Rh1 Rb5+ 111. Kc6 Rb6+ 112. Kc7 Rb7+ 113. Kc8 Rb5 114. Rc1 Kb6 115. Kd7 Rc5 116. Rb1+ Rb5 117. Rd1 Rc5 118. Kd6 Rb5 119. Rc1 Rb4 120. Rd1 Kb5 121. Kd5 Kb6 122. Rc1 Rb5+ 123. Kd6 Rb4 124. Rc8 Kb5 125. Kd5 Ka4 126. Kc5 Kb3 127. Rh8 Rc4+ 128. Kd5 Rb4 129. Rh3+ Ka4 130. Kc5 Rb5+ 131. Kc6 Rb4 132. Rh1 Rb3 133. Kd5 Kb4 134. Ra1 Kc3 135. Ke4 Rb4+ 136. Ke3 Rb3 137. Ra8 Kc2+ 138. Ke2 Rc3 139. Ra2+ Kb3 140. Ra8 Kc4 141. Rb8 Rc2+ 142. Ke3 Rc3+ 143. Ke4 Rc2 144. Rb7 Kc3 145. Ke3 Kc4 146. Rc7+ Kb3 147. Ra7 1/2-1/2


[Site "https://www.chess.com"]

[Event "Titled Tuesday Blitz December 14 2021"]
[White "Paravyan, David"]
[Black "Kucuksari, Kaan"]
[WhiteFideId "4194985"]
[BlackFideId "6380166"]
[WhiteElo "2656"]
[BlackElo "2305"]
[Result "1-0"]
[Round "07"]
[TimeControl "180+1"]
[Date "2021.12.14"]
[WhiteClock "0:01:18"]
[BlackClock "0:00:27"]

1. e4 c6 2. d4 d5 3. exd5 cxd5 4. c4 Nf6 5. Nc3 Nc6 6. Nf3 Be6 7. Ng5 dxc4 8. Nxe6 fxe6 9. Bxc4 Qxd4 10. Qb3 Qb6 11. Qxb6 axb6 12. Nb5 O-O-O 13. Bxe6+ Kb8 14. Bf4+ Ka8 15. Bc7 Re8 16. Bxb6 Nd8 17. Nc7+ Kb8 18. Bh3 Nf7 19. Nxe8 Nxe8 20. Ke2 Ned6 21. Rhd1 g5 22. Be6 Ne5 23. Rac1 Nc6 24. b4 Bg7 25. Bc5 Nb5 26. Kf1 Be5 27. a4 Nc7 28. Bd7 Bf4 29. Rc2 Rd8 30. g3 Be5 31. Rcc1 Rf8 32. b5 Na5 33. Bxe7 Rf7 34. Bd8 Nb3 35. Bxc7+ Bxc7 36. Be6 Re7 37. Bxb3 1-0


[Site "https://www.chess.com"]

[Event "Titled Tuesday Blitz December 14 2021"]
[White "Petrovskyi, Vadym"]
[Black "Holt, Conrad"]
[WhiteFideId "14165210"]
[BlackFideId "2034387"]
[WhiteElo "2377"]
[BlackElo "2586"]
[Result "0-1"]
[Round "07"]
[TimeControl "180+1"]
[Date "2021.12.14"]
[WhiteClock "0:00:10"]
[BlackClock "0:00:06"]

1. e4 e6 2. d4 d5 3. Nc3 Nf6 4. e5 Nfd7 5. f4 c5 6. Nf3 Nc6 7. Be3 cxd4 8. Nxd4 Bc5 9. Qd2 O-O 10. Be2 a6 11. O-O Qc7 12. Rae1 Na5 13. a3 Be7 14. Nf5 Bc5 15. Bxc5 Qxc5+ 16. Nd4 Nc6 17. Rd1 b5 18. Kh1 Nxd4 19. Qxd4 Qxd4 20. Rxd4 Rb8 21. Rfd1 Rb6 22. Bf3 Rc6 23. f5 Nxe5 24. fxe6 fxe6 25. Nxd5 Rxc2 26. Ne7+ Kf7 27. Nxc8 Rfxc8 28. Bb7 R8c4 29. h3 Rxd4 30. Rxd4 Rxb2 31. Bxa6 Ke7 32. Bc8 Nc4 33. Rd7+ Kf6 34. Rb7 Nxa3 35. Rb6 Re2 36. Bd7 Re5 37. Kg1 Nc4 38. Rxb5 Rxb5 39. Bxb5 Nd6 40. Bd3 h6 41. Kf2 Ke5 42. Ke3 Nb7 43. Be4 Nc5 44. Bc2 Nd7 45. g3 Nf6 46. h4 g5 47. hxg5 hxg5 48. Kf3 Kd4 49. Bb3 e5 50. Bc2 e4+ 51. Ke2 Ng4 52. Ba4 Ne5 53. Bb5 Nd3 54. Kd2 Nb4 55. Ke2 Nd5 56. Ba6 Nc3+ 57. Kf2 Na4 58. Ke2 Nc5 59. Bb5 Nb7 60. Ba6 Nd6 61. Kf2 Nf5 62. Bb5 Ke5 63. Ba6 Nd6 64. Ke3 Nf5+ 65. Kf2 Kd4 66. Bb5 Ne3 67. Ba6 Nd1+ 68. Ke2 Nc3+ 69. Kf2 Na4 70. Ke2 Nc5 71. Bb5 Ne6 72. Kf2 Ng7 73. Bd7 Nh5 74. Bb5 Nf6 75. Be2 Kc3 76. Ke3 Kc2 77. Ba6 Kd1 78. Bb7 Ke1 79. Bxe4 Kf1 80. Bc6 Kg1 81. Kf3 Kh2 82. Bb7 Kh3 83. g4 Kh4 84. Bc8 Nd5 85. Bf5 Nf4 86. Ke4 Nh3 87. Kf3 Nf4 88. Kf2 Kh3 89. Kg1 Kg3 90. Kh1 Nh3 91. Be6 Nf2+ 92. Kg1 Nd3 93. Kh1 Nf4 94. Bf5 Kf2 95. Kh2 Ng2 96. Kh1 Ne3 97. Kh2 Kf3 98. Kg1 Kf4 99. Bc8 Kf3 100. Bf5 Kf4 101. Bc8 Nd5 102. Bf5 Nf6 103. Kg2 Nxg4 104. Bxg4 Kxg4 105. Kf2 Kh3 106. Kf1 Kh2 107. Kf2 g4 0-1


[Site "https://www.chess.com"]

[Event "Titled Tuesday Blitz December 14 2021"]
[White "Pranav, V"]
[Black "Samsonkin, Artiom"]
[WhiteFideId "25060783"]
[BlackFideId "13503111"]
[WhiteElo "2351"]
[BlackElo "2513"]
[Result "0-1"]
[Round "07"]
[TimeControl "180+1"]
[Date "2021.12.14"]
[WhiteClock "0:00:02"]
[BlackClock "0:00:05"]

1. e4 c5 2. Nf3 d6 3. Bb5+ Nd7 4. d4 cxd4 5. Qxd4 a6 6. Bxd7+ Bxd7 7. c4 e5 8. Qd3 b5 9. Nc3 bxc4 10. Qxc4 Be6 11. Qc6+ Bd7 12. Qc4 Be6 13. Qd3 h6 14. O-O Nf6 15. b3 Be7 16. Rd1 O-O 17. Bb2 Qb6 18. Nd2 Rac8 19. Nf1 Ng4 20. Qe2 d5 21. Nxd5 Bxd5 22. Rxd5 Nf6 23. Rxe5 Bc5 24. Rf5 Bd4 25. e5 Rfe8 26. Bxd4 Qxd4 27. Rd1 Qa7 28. Qf3 Nh7 29. h4 Nf8 30. Qe3 Qb7 31. Ng3 Rc2 32. Nh5 Ng6 33. Qg3 Qe4 34. Rf3 Rxe5 35. Rd8+ Re8 36. Re3 Qxe3 37. Qxe3 Rxd8 38. g3 Rd1+ 39. Kg2 Rdd2 40. Qe8+ Nf8 41. Qe3 Rxa2 42. Nf4 Rxf2+ 43. Kg1 Rfb2 44. Qc1 Rc2 45. Qd1 Rd2 46. Qe1 g5 47. hxg5 hxg5 48. Nh3 Rg2+ 49. Kf1 Rge2 50. Qb4 Rh2 51. Kg1 Rhg2+ 52. Kf1 Rgc2 53. Qe1 Ne6 54. Qd1 Kg7 55. Ng1 Rf2+ 56. Ke1 Rg2 57. Kf1 Rxg3 58. Ne2 Rf3+ 59. Kg1 Re3 60. Nd4 Re5 61. Nf3 Rf5 62. Nh2 Rf6 63. Ng4 Rf4 64. Ne3 Rd4 65. Qf1 Re4 66. Nf5+ Kg8 67. Ng3 Rg4 68. Qd3 Nf4 69. Qd8+ Kh7 70. Kh1 Rh4+ 71. Kg1 Rg2+ 72. Kf1 Rxg3 73. Qf6 Rh1+ 74. Kf2 Rh2+ 75. Kxg3 Rg2+ 76. Kf3 g4+ 77. Ke3 Nd5+ 0-1


[Site "https://www.chess.com"]

[Event "Titled Tuesday Blitz December 14 2021"]
[White "Przybylski, Wojciech"]
[Black "Janaszak, Dawid"]
[WhiteFideId "1117599"]
[BlackFideId "1119206"]
[WhiteElo "2247"]
[BlackElo "2215"]
[Result "0-1"]
[Round "07"]
[TimeControl "180+1"]
[Date "2021.12.15"]
[WhiteClock "0:00:01"]
[BlackClock "0:00:08"]

1. e4 e5 2. Nf3 Nc6 3. Bb5 a6 4. Ba4 Nf6 5. O-O b5 6. Bb3 Be7 7. Re1 O-O 8. d4 Nxd4 9. Nxd4 exd4 10. e5 Ne8 11. Qxd4 Bb7 12. a4 c5 13. Qg4 c4 14. Ba2 d5 15. c3 Qb6 16. Be3 Qg6 17. Qxg6 hxg6 18. Nd2 Nc7 19. Nf3 Ne6 20. Nd4 Nxd4 21. Bxd4 Bc6 22. a5 b4 23. Bb1 b3 24. g4 Bd7 25. h3 Rac8 26. f4 Bc5 27. Rd1 Be7 28. f5 g5 29. Kf2 f6 30. Kg3 Bc6 31. h4 gxh4+ 32. Kf4 g5+ 33. Ke3 Kf7 34. e6+ Kg7 35. Kf3 Rh8 36. Kg2 h3+ 37. Kh2 Bd6+ 38. Kh1 h2 39. Rd2 Rh4 40. Rg2 Rh3 41. Rf2 Rch8 42. Bc2 bxc2 43. Rxc2 Rg3 44. Rg2 Rxg2 45. Kxg2 Rh4 46. Rh1 Rxg4+ 47. Kf3 Rf4+ 48. Ke2 Rxf5 49. e7 Bxe7 50. Rxh2 Bd6 51. Rg2 Be5 52. Be3 Kg6 53. Rg1 Bc7 54. Rg4 Re5 55. Kd2 Re4 56. Rg2 g4 57. b4 f5 58. Bd4 Bf4+ 59. Kc2 Be5 0-1


[Site "https://www.chess.com"]

[Event "Titled Tuesday Blitz December 14 2021"]
[White "Punin, Andrii"]
[Black "Bluebaum, Matthias"]
[WhiteFideId "14112639"]
[BlackFideId "24651516"]
[WhiteElo "2357"]
[BlackElo "2609"]
[Result "0-1"]
[Round "07"]
[TimeControl "180+1"]
[Date "2021.12.14"]
[WhiteClock "0:00:44"]
[BlackClock "0:01:50"]

1. e4 e6 2. d4 d5 3. Nc3 Nf6 4. e5 Nfd7 5. f4 c5 6. Nf3 Nc6 7. Be3 a6 8. Qd2 b5 9. dxc5 Bxc5 10. Bd3 Qb6 11. Bf2 Bb7 12. O-O h6 13. Kh1 Bxf2 14. Qxf2 Qxf2 15. Rxf2 g5 16. g3 Ke7 17. Ne2 d4 18. Kg1 Nc5 19. a3 g4 20. Ne1 Rhd8 21. b4 Na4 22. Nc1 Nc3 23. Nb3 a5 24. Nc5 Rdb8 25. bxa5 Rxa5 26. Nxb7 Rxb7 27. Ng2 b4 28. a4 Rba7 29. f5 Nxe5 30. fxe6 fxe6 31. Nh4 Rxa4 32. Rxa4 Rxa4 33. Bh7 Ra1+ 34. Kg2 Nc4 35. h3 Ne3+ 36. Kh2 gxh3 37. Ng6+ Kd6 38. Nf4 Ng4+ 0-1


[Site "https://www.chess.com"]